Map: Ice and Chrome LE

Players

Zeratul

  • Race: Terran Terran
  • League: Diamond
  • Spawn Location: 7:00

Slaight - Winner!

  • Race: Protoss Protoss
  • League: Platinum
  • Spawn Location: 1:00

VOD

Have the link to the VOD?

Description

Time

  • Played on: Aug. 14, 2020, 11:24 a.m.
  • Length: 7:46
Show
View Real Time Build Order
Export as new Build Order

Zeratul Terran 

Build Orders: Liberator Opening 

Get SALT Encoding   

  12  0:00  SCV  
  13  0:12  SCV  
  14  0:21  Supply Depot  
  14  0:26  SCV  
  15  0:31  Refinery  
  15  0:42  SCV  
  16  0:54  SCV  
  17  1:00  Barracks  
  17  1:06  Barracks  
  17  1:08  SCV  
  18  1:20  SCV  
  19  1:28  Refinery  
  19  1:32  SCV  
  20  1:47  Reaper  
  20  1:52  Factory  
  21  1:59  Orbital Command  
  21  2:00  Supply Depot  
  21  2:17  Bunker  
  21  2:20  Reaper  
  22  2:40  Factory Tech Lab  
  22  2:52  Reaper  
  23  3:16  Cyclone  
  26  3:26  SCV  
  27  3:28  Command Center  
  27  3:32  Starport  
  27  3:35  Supply Depot  
  27  3:39  SCV  
  27  3:51  SCV  
  27  3:54  Mag-Field Accelerator, Cyclone  
  31  4:10  Liberator  
  31  4:11  Barracks  
  34  4:30  SCV  
  35  4:42  SCV  
  36  4:47  Cyclone  
  37  5:18  Supply Depot  
  37  5:22  Cyclone  
  37  5:23  Orbital Command  
  34  5:38  Liberator  
  34  5:40  Barracks Tech Lab  
  37  5:47  Supply Depot, Barracks  
  34  5:51  Barracks  
  34  5:52  Supply Depot, Orbital Command  
  34  5:56  Cyclone  
  37  6:01  Factory  
  37  6:12  Supply Depot  
  37  6:14  Marauder  
  39  6:37  SCV  
  39  6:38  SCV  
  39  6:39  Barracks Reactor  
  41  6:41  Barracks Reactor  
  41  6:43  Marauder  
  43  6:50  SCV  
  41  6:57  Factory Tech Lab  
  41  7:02  SCV  
  41  7:03  SCV  
  41  7:05  Refinery  
  43  7:14  SCV  
  43  7:15  SCV  
  45  7:16  Engineering Bay  
  45  7:17  Armory  
  45  7:18  Starport Reactor  
  45  7:20  Engineering Bay  
  45  7:26  SCV  
  45  7:27  SCV  
  47  7:32  Barracks Tech Lab  
Show
View Real Time Build Order
Export as new Build Order

Slaight Protoss - Winner!

Build Orders: 1 Gate Expand 

Get SALT Encoding   

  12  0:01  Probe  
  13  0:13  Probe  
  14  0:19  Pylon  
  14  0:25  Assimilator  
  14  0:29  Probe  
  15  0:41  Gateway  
  15  0:44  Probe (Chrono Boost)  
  16  0:53  Probe (Chrono Boost)  
  17  0:58  Probe (Chrono Boost)  
  18  1:10  Probe  
  19  1:24  Nexus  
  19  1:33  Cybernetics Core  
  19  1:36  Probe  
  20  1:48  Probe  
  20  1:51  Assimilator  
  20  1:52  Pylon  
  21  2:00  Probe  
  22  2:13  Probe  
  23  2:18  Robotics Facility  
  23  2:24  Adept (Chrono Boost)  
  23  2:25  Probe  
  26  2:30  Robotics Facility  
  26  2:38  Probe  
  26  2:39  Probe  
  28  2:51  Probe  
  28  3:02  Probe  
  28  3:03  Probe  
  28  3:05  Stalker, Warp Gate  
  32  3:12  Shield Battery  
  31  3:17  Probe x2  
  31  3:19  Immortal (Chrono Boost)  
  33  3:29  Probe, Pylon  
  31  3:48  Probe x2  
  31  3:55  Twilight Council  
  32  4:08  Probe  
  32  4:09  Probe  
  34  4:19  Gateway x2  
  32  4:31  Charge  
  32  4:33  Immortal (Chrono Boost)  
  29  5:03  Stalker  
  30  5:08  Probe x2  
  32  5:17  Pylon  
  32  5:20  Probe x2  
  34  5:26  Stalker x2  
  38  5:41  Probe (Chrono Boost)  
  38  5:43  Probe (Chrono Boost), Pylon  
  37  5:53  Probe (Chrono Boost)  
  37  5:54  Warp Prism  
  41  5:59  Probe (Chrono Boost)  
  41  6:00  Probe (Chrono Boost)  
  42  6:06  Zealot x2  
  46  6:11  Pylon  
  46  6:18  Gateway  
  46  6:29  Gateway  
  46  6:31  Gateway  
  42  6:56  Pylon  
  42  7:03  Zealot x3  
  42  7:04  Gateway  
  48  7:22  Zealot x3  
  50  7:23  Zealot  
Tags
 
Add a new tag
Caveats
  • Supply blocks, unpowered buildings, or Contaminate may cause inaccurate times.
  • Supply counts are checked every 10 seconds.